 Dungeon Crawl Stone Soup version 0.30-a0-652-gcc886f7154 (webtiles) character file.

Game seed: 4022050808399735040

8442 wormed the Transmogrifier (level 11, -1/87 (96) HPs)
             Began as an Octopode Chaos Knight on Jan 18, 2023.
             Was an Initiate of Gozag.
             Succumbed to a cane toad's poison
             ... on level 8 of the Dungeon.
             The game lasted 00:18:13 (10948 turns).

wormed the Transmogrifier (Octopode Chaos Knight)  Turns: 10948, Time: 00:18:14

HP:   -1/87 (96)    AC:  2    Str: 10    XL:     11   Next: 30%
MP:   23/23         EV: 27    Int: 18    God:    Gozag
Gold: 447           SH:  0    Dex: 15    Spells: 24/27 levels left

rFire   + . .      SeeInvis .      - Unarmed
rCold   . . .      Faith    .    (shield currently unavailable)
rNeg    . . .      Spirit   .    (helmet currently unavailable)
rPois   x          Reflect  .    c - amulet of magic regeneration
rElec   .          Harm     .    j - ring of willpower
rCorr   +          Rampage  .    i - ring of resist corrosion
Will    +....                    p - ring of protection from fire Stlth
                                 t - +5 ring of evasion
HPRegen 0.34/turn                (no ring)
MPRegen 0.58/turn                (no ring)
                                 (no ring)
                                 (no ring)

@: berserking, lethally poisoned (-1 -> -26), spider-form, studying Short
Blades, drained, very quick
A: venomous fangs, almost no armour, (amphibious), 8 rings, tiny, (camouflage
1), (gelatinous body 1), (nimble swimmer 1), (tentacles), clumsy 1, frail 1,
mutation resistance 1, weak 1, wild magic 1
a: End Transformation, Renounce Religion, Potion Petition, Call Merchant, Bribe
Branch


You were on level 8 of the Dungeon.
You worshipped Gozag.
Gozag was aware of your devotion.
You were a venomous arachnid creature.
You visited 3 branches of the dungeon, and saw 11 of its levels.

You collected 576 gold pieces.
You paid 129 gold pieces to Gozag.

Inventory:

Hand Weapons
 f - the +5 spear "Mefowix" (melded) {holy, *Rage Int+7}
   (You found it on level 3 of the Dungeon)

   Int:       It affects your intelligence (+7).
   *Rage:     It berserks you when you make melee attacks (+20% chance).
Missiles
 o - 11 poisoned darts
 u - 2 curare-tipped darts (quivered)
 v - a throwing net
Magical Staves
 h - a staff of air
Jewellery
 c - an amulet of magic regeneration (around neck)
 i - a ring of resist corrosion (right front pincers)
 j - a ring of willpower (left front pincers)
 p - a ring of protection from fire (on tentacle)
 q - an amulet of reflection
 r - a ring of fire
 t - a +5 ring of evasion (on tentacle)
Wands
 l - a wand of charming (6)
 s - a wand of flame (32)
Scrolls
 b - 2 scrolls of fog
 d - 2 scrolls of teleportation
 n - 3 scrolls of enchant armour
 w - a scroll of identify
 y - 2 scrolls of vulnerability
 z - a scroll of enchant weapon
Potions
 e - 2 potions of might
 g - a potion of berserk rage
 k - 3 potions of attraction
 m - 3 potions of flight
 x - a potion of brilliance
Miscellaneous
 a - a piece from Xom's chessboard (15/15)


   Skills:
 - Level 5.9 Fighting
 - Level 5.6 Dodging
 - Level 5.9 Unarmed Combat
 + Level 8.5 Spellcasting
 * Level 11.0 Transmutations
 - Level 4.0 Poison Magic


You had 24 spell levels left.
You knew the following spells:

 Your Spells              Type           Power      Damage    Failure   Level
a - Spider Form           Tmut/Pois      45%        N/A       10%         3

Your spell library contained the following spells:

 Spells                   Type           Power      Damage    Failure   Level
 Passwall                 Tmut/Erth      29%        N/A       11%         2
 Poisonous Vapours        Pois/Air       38%        N/A       24%         2
 Cigotuvi's Dreadful Rot  Necr/Pois/Air  32%        N/A       30%         2
 Magic Dart               Conj           36%        1d4       32%         1
 Sandblast                Erth           18%        2d7       32%         1
 Shock                    Conj/Air       36%        1d5       32%         1
 Ensorcelled Hibernation  Hex/Ice        18%        N/A       41%         2
 Searing Ray              Conj           18%        2d5       41%         2
 Static Discharge         Conj/Air       18%        2-3/arc   41%         2
 Mephitic Cloud           Conj/Pois/Air  16%        N/A       43%         3
 Kindle Blastsparks       Fire/Tloc/Air  18%        2d11      58%         3
 Stone Arrow              Conj/Erth      18%        3d8       58%         3
 Swiftness                Air            9%         N/A       58%         3
 Vhi's Electric Charge    Tloc/Air       18%        N/A       58%         3
 Dragon Form              Tmut           28%        N/A       87%         7
 Airstrike                Air            4%         2d(1-17)  89%         4
 Anguish                  Hex/Necr       4%         N/A       89%         4
 Cause Fear               Hex            4%         N/A       89%         4
 Fulminant Prism          Conj/Hex       4%         3d5       89%         4
 Iskenderun's Mystic Bla  Conj/Tloc      9%         2d4       89%         4
 Arcjolt                  Conj/Air       4%         1d14      99%         5
 Fireball                 Conj/Fire      4%         3d4       99%         5
 Iskenderun's Battlesphe  Conj           9%         2d6       99%         5
 Lee's Rapid Deconstruct  Erth           4%         3d5*      99%         5
 Lightning Bolt           Conj/Air       4%         1d16      99%         5
 Conjure Ball Lightning   Conj/Air       4%         3x3d6     100%        6
 Orb of Destruction       Conj           4%         9d5       100%        7
 Dragon's Call            Summ           4%         N/A       100%        9


Dungeon Overview and Level Annotations

Branches:
Dungeon (9/15)             Temple (1/1) D:7            Lair (1/5) D:8
    Orc: D:9-12

Altars:
Ashenzari
Cheibriados
Dithmenos
Elyvilon
Fedhas
Gozag
Hepliaklqana
Kikubaaqudgha
Makhleb
Nemelex Xobeh
Okawaru
Qazlal
Ru
Sif Muna
Trog
Uskayaw
Vehumet
Wu Jian
Xom
Yredelemnul
Zin
The Shining One
Jiyva

Shops:
D:2 =

Annotations:
D:8 3 runed translucent doors, pokeman's ghost, novice DEHW


Innate Abilities, Weirdness & Mutations

You are a venomous arachnid creature.
You have venomous fangs.
You are tiny and dextrous.
Your spellcasting is less reliable in this form.
Your armour is entirely melded.
You are incapable of wielding weapons or throwing items.
You cannot wear most types of armour.
((You are amphibious.))
You can wear up to eight rings at the same time.
((Your skin changes colour to match your surroundings (Stealth+).))
((Your rubbery body absorbs attacks. (AC +1, EV +1)))
((You are camouflaged when in or above water. (Stealth+)))
((You have tentacles for arms and can constrict up to eight enemies at once.))
You are clumsy. (Dex -2)
You are frail. (-10% HP)
You are somewhat resistant to further mutation.
You are weak. (Str -2)
Your spells are a little harder to cast, but a little more powerful.


Message History

The cane toad is moderately wounded.
The wolf completely misses you. The cane toad misses you.
You barely miss the cane toad.
The cane toad is lightly wounded.
The wolf barely misses you. The cane toad stings you! The wolf misses you.
You hit the cane toad but do no damage.
The cane toad is lightly wounded.
The wolf barely misses you. The cane toad misses you.
You hit the cane toad.
The cane toad is moderately wounded.
The wolf closely misses you. The cane toad closely misses you.
The wolf bites you.
You hit the wolf.
The wolf is lightly wounded.
The wolf misses you. The cane toad completely misses you.
You hit the wolf but do no damage.
The wolf is poisoned.
The wolf is lightly wounded.
The wolf completely misses you. The cane toad stings you!
You are lethally poisoned!
The cane toad poisons you! The wolf completely misses you.
You hit the cane toad but do no damage.
The cane toad is moderately wounded.
* * * LOW HITPOINT WARNING * * *
You feel extremely sick. The wolf completely misses you.
The cane toad closely misses you.
You bite the cane toad!
The cane toad is heavily wounded.
* * * LOW HITPOINT WARNING * * *
You feel extremely sick. The wolf misses you. The cane toad misses you.
The wolf completely misses you.
A red film seems to cover your vision as you go berserk!
You feel yourself moving faster!
You feel mighty!
* * * LOW HITPOINT WARNING * * *
You feel extremely sick. The wolf completely misses you.
The cane toad misses you. The wolf completely misses you.
The cane toad closely misses you.
You hit the cane toad.
The cane toad is severely wounded.
You die...
Your body crumbles into a pile of gold.

#.# #.###.#...####.)...>...
#.# #.# #...#....<....#)#.#
#.# #.# ###...####.##..###.
#.# #.# ##.## #[##.## ## #.#
#.# ####.#####.##..###. #.#
#.# #.[........##.....#
#.######.###.##.)..#####.....#
#.#.....[[[..##....# #'###'#
#.#.####.##.hs###[## #.....#
#.#.# #.##.F###...# #.###.#
#.#.# #.##..###...#####.).)[#
#.#.#######....######..'.._..'
#.....#≈.§#......####.##.....#
###.###._.#.####.##....#[###.#
#.# #.§.#....#.##.#.##.....#
#.# #≈.§#.##.#.##.#.##'###'#
#.###≈.§#.##.#.##.#....# #..


You could see a cane toad and a wolf (very poisoned).

Vanquished Creatures
  Erica (D:8)
  3 two-headed ogres
  Pikel (D:4)
  A black mamba (D:8)
  A hornet (D:9)
  4 yaks (D:9)
  Grum (D:8)
  A warg (shapeshifter) (D:8)
  An acid dragon (D:6)
  2 water moccasins (D:6)
  An orc warrior (D:7)
  A sky beast (D:7)
  7 black bears
  An ogre (D:7)
  6 wolves (D:8)
  5 centaurs
  4 kobold brigands
  Blork the orc (D:5)
  2 scorpions
  8 wights
  7 killer bees (D:9)
  A howler monkey (D:9)
  A hound (D:6)
  A gnoll bouda (D:5)
  3 orc priests (D:8)
  3 jellies
  3 iguanas
  8 orc wizards
  A statue (D:4)
  13 gnolls
  5 adders
  A river rat (D:6)
  A shadow imp (D:6)
  2 white imps
  3 ufetubi
  2 worms
  4 dart slugs
  38 orcs
  4 ball pythons
  4 endoplasms
  7 giant cockroaches
  7 goblins
  7 hobgoblins
  5 jackals
  30 kobolds
  9 quokkas
  4 bats
  4 frilled lizards
  4 rats
234 creatures vanquished.

Vanquished Creatures (collateral kills)
  2 wights (D:8)
2 creatures vanquished.

Vanquished Creatures (others)
  A gnoll sergeant (D:7)
  An orc wizard (D:8)
  2 gnolls (D:7)
4 creatures vanquished.

Grand Total: 240 creatures vanquished

Notes
Turn   | Place    | Note
-------+----------+-------------------------------------------
     0 | D:1      | wormed the Octopode Chaos Knight began the quest for the
                  | Orb.
     0 | D:1      | Reached XP level 1. HP: 16/16 MP: 1/1
    70 | D:1      | XOM: smoke on damage
    72 | D:1      | Reached XP level 2. HP: 16/21 MP: 2/2
   211 | D:1      | XOM: silly message
   453 | D:1      | Reached skill level 1 in Spellcasting
   453 | D:1      | Reached XP level 3. HP: 10/26 MP: 4/4
   526 | D:1      | XOM: divination: magic mapping
   805 | D:1      | XOM: silly message
   864 | D:1      | Gained mutation: You are agile. (Dex +4, Str/Int -1)
                  | [potion of mutation]
   864 | D:1      | Lost mutation: You are agile. (Dex +4, Str/Int -1) [potion
                  | of mutation]
   864 | D:1      | Gained mutation: You are somewhat resistant to further
                  | mutation. [potion of mutation]
  1006 | D:2      | XOM: cloud trail
  1323 | D:2      | XOM: silly message
  1514 | D:2      | Found Atonata's Jewellery Shoppe.
  1708 | D:2      | XOM: silly message
  1784 | D:3      | XOM: silly message
  1791 | D:3      | Reached XP level 4. HP: 14/31 MP: 4/6
  1887 | D:3      | Identified the +5 spear "Mefowix" {holy, *Rage Int+7}
  1920 | D:3      | Found a stormy altar of Qazlal.
  2066 | D:3      | Found an ornate altar of the Wu Jian Council.
  2068 | D:3      | Found a burning altar of Makhleb.
  2102 | D:3      | Found a faded altar of an unknown god.
  2102 | D:3      | Noticed a black bear
  2112 | D:3      | Killed a black bear
  2113 | D:3      | Reached XP level 5. HP: 5/37 MP: 6/8
  2391 | D:3      | XOM is BORED!
  2728 | D:4      | Found a glowing golden altar of the Shining One.
  2728 | D:4      | Found a white marble altar of Elyvilon.
  2728 | D:4      | Found a glowing silver altar of Zin.
  2765 | D:4      | Noticed a lemure
  2765 | D:4      | Noticed a lemure
  2765 | D:4      | Noticed a lemure
  2765 | D:4      | Noticed Pikel
  2766 | D:4      | Noticed a lemure
  2864 | D:4      | Reached XP level 6. HP: 30/43 MP: 9/9
  2939 | D:4      | Noticed a black bear
  2947 | D:4      | Killed a black bear
  3111 | D:4      | Killed Pikel
  3112 | D:4      | Reached skill level 5 in Fighting
  3112 | D:4      | Reached skill level 5 in Unarmed Combat
  3112 | D:4      | Reached XP level 7. HP: 50/50 MP: 9/12
  3227 | D:4      | Found a radiant altar of Vehumet.
  3231 | D:4      | Reached XP level 8. HP: 55/55 MP: 13/13
  3399 | D:5      | Entered Level 5 of the Dungeon
  3406 | D:4      | XOM: give mutation
  3406 | D:4      | Gained mutation: You are clumsy. (Dex -2) [Xom's mischief]
  3455 | D:5      | Reached skill level 5 in Dodging
  3465 | D:5      | XOM: smoke on damage
  3468 | D:4      | XOM: stat loss: -1 Dex (9/10)
  3970 | D:5      | XOM: 1-stop teleportation journey
  4032 | D:5      | Found a bloodstained altar of Trog.
  4035 | D:5      | Found a broken altar of Ashenzari.
  4035 | D:5      | Found a shimmering altar of Xom.
  4048 | D:5      | HP: 2/57 [gnoll/+0 spear[a gnoll bouda] (4)]
  4147 | D:6      | XOM: scenery: create altars
  4304 | D:6      | XOM: scenery: summon butterflies
  4378 | D:5      | XOM: god gift: book of Dreams
  4384 | D:5      | Learned a level 3 spell: Spider Form
  4423 | D:5      | Reached skill level 1 in Transmutations
  4423 | D:5      | Reached skill level 1 in Poison Magic
  4649 | D:5      | Noticed Blork the orc
  4654 | D:5      | XOM: summons friendly ufetubus
  4655 | D:5      | Killed Blork the orc
  4660 | D:5      | Reached skill level 2 in Transmutations
  4844 | D:5      | Found a glowing golden altar of the Shining One.
  4844 | D:5      | Found a glowing silver altar of Zin.
  4844 | D:5      | Found a basalt altar of Yredelemnul.
  4963 | D:6      | XOM: divination: detect creatures
  4975 | D:6      | Reached XP level 9. HP: 45/62 MP: 13/16
  4990 | D:6      | Reached skill level 5 in Spellcasting
  4990 | D:6      | Reached skill level 3 in Transmutations
  5020 | D:6      | XOM: divination: detect creatures
  5118 | D:6      | XOM: scenery: create altars
  5422 | D:6      | XOM: silly message
  5543 | D:6      | XOM: give mutations
  5543 | D:6      | Gained mutation: You are frail. (-10% HP) [Xom's mischief]
  5543 | D:6      | Gained mutation: You are weak. (Str -2) [Xom's mischief]
  5645 | D:6      | XOM: silly message
  5675 | D:6      | Reached skill level 4 in Transmutations
  5927 | D:7      | Found a staircase to the Ecumenical Temple.
  5932 | D:7      | XOM: cleaving
  5945 | Temple   | Entered the Ecumenical Temple
  6019 | D:7      | Reached skill level 5 in Transmutations
  6319 | D:7      | XOM: divination: magic mapping
  6340 | D:7      | XOM: divine lightning
  6519 | D:7      | Found a shimmering blue altar of Sif Muna.
  6592 | D:7      | Reached skill level 6 in Transmutations
  6722 | D:8      | Found a shadowy altar of Dithmenos.
  6729 | D:8      | XOM: scenery: 4 doors open, 1 doors close
  6751 | D:8      | XOM: polymorph orc -> shapeshifter
  6918 | D:8      | Found a sacrificial altar of Ru.
  7003 | D:8      | XOM: 3-stop teleportation journey
  7185 | D:8      | XOM: god gift: rapier {god gift}
  7265 | D:8      | XOM: smoke on damage
  7266 | D:8      | XOM: summons 2 friendly demons
  7277 | D:8      | Noticed Grum
  7277 | D:8      | XOM: 2-stop teleportation journey
  7348 | D:8      | Found a staircase to the Lair.
  7367 | D:8      | Reached XP level 10. HP: 58/61 MP: 19/19
  7371 | D:8      | XOM: summons 3 friendly demons
  7393 | D:8      | Reached skill level 7 in Transmutations
  7575 | D:8      | XOM: fog
  7688 | D:8      | Noticed Erica
  7700 | D:8      | XOM: divination: magic mapping
  7708 | D:8      | Killed Erica
  7805 | D:8      | XOM: scenery: summon butterflies
  7845 | D:8      | Reached skill level 8 in Transmutations
  8080 | D:8      | XOM: scenery: create altars
  8110 | D:8      | XOM: scenery: summon butterflies
  8272 | D:8      | XOM: fog
  8275 | D:8      | XOM: cleaving
  8283 | D:8      | Killed Grum
  8501 | D:9      | XOM: confuse monster(s)
  8554 | D:9      | Found a snail-covered altar of Cheibriados.
  8585 | D:8      | XOM: smoke on damage
  8658 | D:8      | Found a runed translucent gate.
  8660 | D:8      | Found a runed translucent gate.
  8660 | D:8      | XOM: give mutation
  8660 | D:8      | Gained mutation: Your spells are a little harder to cast,
                  | but a little more powerful. [Xom's grace]
  8661 | D:8      | Found a runed translucent gate.
  8661 | D:8      | Noticed pokeman's ghost (novice DEHW)
  8706 | D:8      | Noticed a two-headed ogre
  8710 | D:8      | XOM: butterfly on damage
  8718 | D:8      | Killed a two-headed ogre
  8719 | D:8      | Reached skill level 9 in Transmutations
  8980 | D:8      | Found a viscous altar of Jiyva.
  9035 | D:9      | XOM: swap monsters
  9042 | D:9      | XOM: swap monsters
  9186 | D:9      | XOM: silly message
  9192 | D:9      | Noticed a two-headed ogre
  9221 | D:8      | Killed a two-headed ogre
  9222 | D:8      | Reached skill level 10 in Transmutations
  9222 | D:8      | Reached XP level 11. HP: 30/64 MP: 21/23
  9441 | D:9      | XOM: god gift: potion of berserk rage
  9467 | D:9      | Found an opulent altar of Gozag.
  9539 | D:9      | Fell from the grace of Xom
  9539 | D:9      | Became a worshipper of Gozag Ym Sagoz the Greedy
  9549 | D:9      | Noticed a two-headed ogre
  9561 | D:9      | Killed a two-headed ogre
  9665 | D:9      | XOM: chaos upgrade
  9998 | D:9      | XOM: swap monsters
 10086 | D:9      | XOM: draining
 10105 | D:9      | XOM: cloud trail
 10604 | Lair:1   | Entered Level 1 of the Lair of Beasts
 10630 | D:8      | HP: 4/81 [black mamba (3)]
 10634 | D:8      | Reached skill level 11 in Transmutations
 10947 | D:8      | HP: 2/87 [poisoned by a cane toad]
 10948 | D:8      | Succumbed to a cane toad's poison

Illustrated notes

Levels and vault maps discovered:
D:1:      amcnicky_arrival_feature_with_door, layout_loops_ring
D:2:      layout_loops_corners, serial_shops, shop
D:3:      layout_loops_ring, mainiacjoe_overflow_catwalk,
          grunt_temple_overflow_open, basic_ecumenical_altar
D:4:      layout_rooms, dreamdust_divine_triumvirate, vehumet_statue, uniq_pikel
D:5:      layout_cave_pools, doesnt_xom_only_xom, kennysheep_generic_room_15,
          uniq_blork_the_orc
D:6:      minmay_clustersquares, layout_loops_ring, portal_sewer_entry_a
D:7:      layout_rooms, minmay_temple_entry_arrows, kennysheep_small_circle
D:8:      layout_loops_ring, mainiacjoe_overflow_six_doors_small,
          pf_just_have_faith, lair_entry_dummy, gammafunk_ghost_ooze,
          sigmund_army, uniq_grum, uniq_erica
D:9:      layout_irregular_city, lemuel_round_altar, grunt_gozag_statues,
          grunt_decor_one_mirror
Temple:   hellmonk_temple_rainy
Lair:1:   layout_long_grid, nicolae_quartered_pool_little

Skill      XL: |  1  2  3  4  5  6  7  8  9 10 11 |
---------------+----------------------------------+-----
Spellcasting   | 1 2 3 4 6 8 |  8.5
Dodging        | 3 4 5 |  5.6
Unarmed Combat | 4 5 |  5.9
Fighting       | 4 5 |  5.9
Transmutations | 2 6 10 11 | 11.0
Poison Magic   | 2 4 |  4.0

Action                   |  1- 3 |  4- 6 |  7- 9 | 10-12 || total
-------------------------+-------+-------+-------+-------++-------
Melee: Unarmed           |    97 |     4 |   235 |   287 ||   623
       Constrict         |    24 |    13 |    23 |       ||    60
       Tentacles         |    16 |    10 |    23 |       ||    49
       Punch             |     2 |     3 |     3 |       ||     8
       Spear             |       |    72 |   120 |       ||   192
Throw: Dart              |       |       |       |     1 ||     1
       Throwing net      |       |       |       |     1 ||     1
 Cast: Spider Form       |       |       |    27 |    25 ||    52
 Abil: End Transformatio |       |       |       |     1 ||     1
  Use: Scroll            |     5 |     4 |     5 |     3 ||    17
       Potion            |     2 |       |     4 |     2 ||     8
 Stab: Sleeping          |     7 |     7 |     3 |       ||    17
       Confused          |       |       |       |     2 ||     2
Armor: Skin              |    10 |     2 |    17 |    11 ||    40
Dodge: Dodged            |    46 |    35 |   353 |   356 ||   790

Table legend: (Time is in decaauts)
 A = Elapsed time spent in this place.
 B = Non-inter-level travel time spent in this place.
 C = Inter-level travel time spent in this place.
 D = Time resting spent in this place.
 E = Time spent auto-exploring this place.
 F = Levels seen in this place.
 G = Mean time per level.
                   A        B        C        D        E       F      G
               +--------+--------+--------+--------+--------+-----+--------+
         Total |  11071 |  10473 |    598 |    471 |   7971 |  11 | 1006.5 |
       Dungeon |  10998 |  10413 |    585 |    471 |   7931 |   9 | 1222.0 |
        Temple |     58 |     45 |     13 |      0 |     40 |   1 |   58.0 |
          Lair |     14 |     14 |      0 |      0 |      0 |   1 |   14.0 |
               +--------+--------+--------+--------+--------+-----+--------+

Top non-repeatable levels by time:
     D:8: 2626 daAuts
     D:9: 1442 daAuts
     D:6: 1270 daAuts
     D:4: 1109 daAuts
     D:3: 974 daAuts
     D:5: 931 daAuts
     D:7: 900 daAuts
     D:1: 880 daAuts
     D:2: 863 daAuts
  Temple: 58 daAuts
  Lair:1: 14 daAuts
